 Dungeon Crawl Stone Soup version 0.28-a0-691-gad6df49e81 (webtiles) character file.

Game seed: 6903743591709209793

12698 RepHenryClay the Cleaver (level 11, 0/121 HPs)
             Began as a Naga Fighter on Oct 21, 2021.
             Was a High Priest of Cheibriados.
             Slain by a tyrant leech (16 damage)
             ... on level 2 of the Lair of Beasts.
             The game lasted 00:19:34 (10499 turns).

RepHenryClay the Cleaver (Naga Fighter)            Turns: 10499, Time: 00:19:35

Health: 0/121      AC: 19    Str: 32    XL:     11   Next: 97%
Magic:  10/17      EV:  7    Int: 23    God:    Cheibriados [*****.]
Gold:   246        SH:  7    Dex: 28    Spells: 10/10 levels left

rFire   + + .      SeeInvis +   b - +10 trident of Fochulum {drain, rF+ Int+3 Dex+6}
rCold   . . .      Faith    .   j - +1 buckler {AC+3}
rNeg    . . .      Spirit   .   i - +4 chain mail {rF+}
rPois   +          Reflect  .   (helmet restricted)
rElec   +          Harm     .   E - +0 cloak
rCorr   .          Rampage  .   m - +0 pair of gloves
Will    ++...                   (no barding)
Stlth   ..........              p - amulet of regeneration
HPRegen 1.30/turn               (no ring)
MPRegen 0.15/turn               (no ring)

@: berserking, marked, unable to read, very slow
A: AC +3, large, see invisible, deformed body, poison resistance, slowness 2,
spit poison 1, naga tail 1, horns 1, frail 1, strong-willed 1, screaming 1,
electricity resistance, inability to read while threatened
a: Spit Poison, Renounce Religion, Bend Time, Temporal Distortion, Slouch, Step
From Time


You were on level 2 of the Lair of Beasts.
You worshipped Cheibriados.
Cheibriados was extremely pleased with you.
You visited 2 branches of the dungeon, and saw 11 of its levels.

You collected 631 gold pieces.
You spent 385 gold pieces at shops.

Inventory:

Hand Weapons
 a - a +0 war axe
 b - the +10 trident of Fochulum (weapon) {drain, rF+ Int+3 Dex+6}
   (You took it off a kobold on level 8 of the Dungeon)

   A truly terrible weapon, it drains the life of any living foe it strikes.
   Int:       It affects your intelligence (+3).
   Dex:       It affects your dexterity (+6).
   rF:        It protects you from fire.
 K - a +2 mace of venom
 O - a +4 battleaxe of freezing
 P - a +2 spear of venom
Missiles
 f - a throwing net
 o - 44 poisoned darts (quivered)
 w - 4 javelins
 L - 2 curare-tipped darts
Armour
 i - a +4 chain mail of fire resistance (worn)
 j - a +1 buckler of protection (worn)
 m - a +0 pair of gloves (worn)
 n - a +1 scale mail of cold resistance
 q - a +0 helmet
 E - a +0 cloak (worn)
 R - the +0 robe of Ocin {rPois rF+++}
   (You found it on level 9 of the Dungeon)

   rF:        It renders you almost immune to fire.
   rPois:     It protects you from poison.
Jewellery
 p - an amulet of regeneration (around neck)
 I - a ring of ice
 M - a +4 ring of protection
Wands
 g - a wand of paralysis (4)
 x - a wand of polymorph (5)
 F - a wand of iceblast (12)
 J - a wand of acid (2)
 V - a wand of mindburst (19)
Scrolls
 e - 3 scrolls of teleportation
 h - 2 scrolls of immolation {unknown}
 k - 3 scrolls of fear
 s - 2 scrolls of amnesia {unknown}
 y - a scroll of torment {unknown}
 z - 2 scrolls of noise {unknown}
 B - a scroll of summoning {unknown}
 C - a scroll of enchant armour {unknown}
 D - a scroll of acquirement {unknown}
 H - 2 scrolls of enchant weapon
 Q - 2 scrolls of fog {unknown}
 U - 3 scrolls of identify {@r1}
Potions
 c - a potion of berserk rage
 d - a potion of might
 l - a potion of flight
 r - a potion of ambrosia
 t - 4 potions of curing
 u - 4 potions of lignification
 v - a potion of cancellation
 A - 2 potions of degeneration {unknown}
 G - a potion of magic {unknown}
 N - a potion of brilliance {unknown}
 S - 2 potions of attraction {unknown}
 T - a potion of mutation
 W - 2 potions of resistance {unknown}


   Skills:
 + Level 3.5 Fighting
 - Level 14.9 Axes
 * Level 7.1 Armour
 - Level 2.4 Shields
 - Level 8.9 Invocations


You had 10 spell levels left.
You didn't know any spells.
Your spell library contained the following spells:

 Spells                   Type           Power      Damage    Failure   Level
 Sandblast                Erth           0%         2d4       54%         1
 Ensorcelled Hibernation  Hex/Ice        0%         N/A       67%         2
 Passwall                 Tmut/Erth      0%         N/A       67%         2
 Sublimation of Blood     Necr           0%         N/A       67%         2
 Wereblood                Tmut           0%         N/A       67%         2
 Spider Form              Tmut/Pois      0%         N/A       88%         3
 Stone Arrow              Conj/Erth      0%         3d7       88%         3
 Animate Armour           Summ/Erth      0%         N/A       99%         4
 Blade Hands              Tmut           0%         N/A       100%        5
 Iron Shot                Conj/Erth      0%         9d1       100%        6
 Summon Hydra             Summ           0%         N/A       100%        7


Dungeon Overview and Level Annotations

Branches:
Dungeon (9/15)             Temple (0/1) D:7            Lair (2/6) D:8
  Swamp: Lair:2-4    Shoals: Lair:2-4     Snake: Lair:2-4    Spider: Lair:2-4
    Orc: D:9-12

Altars:
Cheibriados
Kikubaaqudgha
Makhleb
Nemelex Xobeh
Trog
Uskayaw
Yredelemnul

Shops:
D:1 **   D:2 *

Annotations:
D:4 1 runed translucent door, porpoise's ghost, amateur DECj
D:5 exclusion: fungus
D:9 2 transporters, lunkers's ghost, novice DjCA


Innate Abilities, Weirdness & Mutations

Your serpentine skin is tough. (AC +3)
You have supernaturally acute eyesight. (SInv)
Armour fits poorly on your strangely shaped body.
Your system is resistant to poisons. (rPois)
You cover ground very slowly.
You can spit poison.
You have a snake-like lower body.
You have a pair of small horns on your head.
You are frail. (-10% HP)
You are strong-willed. (Will+)
You occasionally shout uncontrollably at your foes.
You are resistant to electric shocks. (rElec)
You sometimes lose the ability to read scrolls when taking damage.


Message History

A red film seems to cover your vision as you go berserk!
Cheibriados forces you to slow down.
You feel mighty! You block the tyrant leech's attack.
You puncture the six-headed hydra! You drain the six-headed hydra.
You headbutt the six-headed hydra!
The six-headed hydra is severely wounded.
The six-headed hydra bites you but does no damage.
The six-headed hydra bites you.
* * * LOW HITPOINT WARNING * * *
The six-headed hydra bites you but does no damage. x3
The six-headed hydra bites you.
* * * LOW HITPOINT WARNING * * *
The tyrant leech bites you but does no damage.
Damage: -4%(-5hp) hp: 37%(44hp)
You impale the six-headed hydra!! You drain the six-headed hydra!
You kill the six-headed hydra!
Cheibriados appreciates the change of pace.
Your Armour skill increases to level 7!
You barely miss the tyrant leech. You headbutt the tyrant leech!
The tyrant leech is heavily wounded.
The tyrant leech bites you!
* * * LOW HITPOINT WARNING * * *
The tyrant leech draws strength from your injuries!
The tyrant leech completely misses you.
Damage: -8%(-9hp) hp: 30%(36hp)
You impale the tyrant leech!! Your headbutt misses the tyrant leech.
The tyrant leech is severely wounded.
You block the tyrant leech's attack. The tyrant leech bites you!!
* * * LOW HITPOINT WARNING * * *
The tyrant leech draws strength from your injuries!
Huge Dmg: -19%(-23hp) hp: 11%(13hp)
You puncture the tyrant leech! You headbutt the tyrant leech!
The tyrant leech is almost dead.
You barely miss the tyrant leech. You headbutt the tyrant leech.
You kill the tyrant leech!
Cheibriados appreciates the change of pace.
You can now step out of the flow of time.
Cheibriados raises the support of your attributes as your movement slows.
The tyrant leech bites you!
You die...

♣.... ............ . ♣♣...#
.....#...... ..♣♣♣♣♣....#
.####....... ...........# ##
###....... ...........#
#.P##.#.......
...........###+###....#..†.P##.
.....$....#......##.....P######
#...#....##.†w8...##.....### #
## ####D#...@......#......###
#...8..<..8.....##....##
#.............######....
#.......8.......## #P....
#.................# ##....
...8..#.....#..8..###P....
.....##..8..#......#...... ....
#.....#......#...... ..
#......##...[.#..#...


You could see a tyrant leech.

Vanquished Creatures
  3 hydras
  A two-headed ogre (D:8)
  A black mamba (Lair:2)
  6 cane toads (Lair:1)
  A kobold demonologist (D:7)
  2 komodo dragons (Lair:1)
  A tyrant leech (Lair:2)
  A troll (D:7)
  Grinder (D:3)
  A vampire (D:9)
  9 yaks
  A wyvern (D:8)
  2 wraiths (D:9)
  2 basilisks (Lair:1)
  5 water moccasins
  4 orc warriors
  3 ice beasts
  2 black bears (D:8)
  A hornet zombie (D:6)
  A sky beast (D:7)
  A centaur (D:5)
  A necrophage (D:6)
  2 ogres
  4 wolves (Lair:1)
  2 kobold brigands
  6 bullfrogs
  3 wyvern zombies
  A scorpion (D:6)
  3 water moccasin skeletons
  A wyvern skeleton (D:5)
  19 wights
  A howler monkey (D:6)
  A bullfrog zombie (D:5)
  2 centaur zombies
  3 hounds
  3 jellies
  2 bullfrog skeletons (D:4)
  A gnoll shaman (D:8)
  An iguana (D:4)
  7 orc wizards
  Ijyb (D:3)
  2 killer bee zombies
  A howler monkey zombie (D:9)
  Robin (D:3)
  11 gnolls
  4 adders
  2 white imps
  An ufetubus (D:5)
  An adder skeleton (D:4)
  2 worms
  3 dart slugs
  22 orcs
  3 bats
  7 endoplasms
  3 giant cockroaches
  14 goblins
  7 hobgoblins
  3 quokkas
  8 ball pythons
  5 frilled lizards
  18 kobolds
  6 rats
237 creatures vanquished.

Vanquished Creatures (others)
  26 fungi
  6 plants (D:8)
32 creatures vanquished.

Grand Total: 269 creatures vanquished

Notes
Turn   | Place    | Note
-------+----------+-------------------------------------------
     0 | D:1      | RepHenryClay the Naga Fighter began the quest for the Orb.
     0 | D:1      | Reached XP level 1. HP: 21/21 MP: 1/1
   114 | D:1      | Reached XP level 2. HP: 7/28 MP: 2/2
   691 | D:1      | Reached skill level 3 in Axes
  1050 | D:1      | Found Itho's Assorted Antiques.
  1111 | D:1      | Found Horchapey's General Store.
  1127 | D:1      | Bought a scroll of identify for 22 gold pieces
  1132 | D:1      | Reached XP level 3. HP: 34/34 MP: 3/3
  1689 | D:2      | Found a faded altar of an unknown god.
  1781 | D:2      | Found a sparkling altar of Nemelex Xobeh.
  1883 | D:2      | Found Joez's General Store.
  1891 | D:2      | Bought a scroll of fear for 35 gold pieces
  2148 | D:3      | Reached skill level 4 in Axes
  2180 | D:3      | Noticed Grinder
  2212 | D:3      | Paralysed by Grinder for 4 turns
  2223 | D:3      | Paralysed by Grinder for 5 turns
  2242 | D:3      | Killed Grinder
  2243 | D:3      | Reached skill level 6 in Axes
  2243 | D:3      | Reached XP level 4. HP: 30/42 MP: 4/4
  2243 | D:3      | Reached XP level 5. HP: 35/49 MP: 5/5
  2243 | D:3      | Reached XP level 6. HP: 40/56 MP: 6/6
  2376 | D:3      | Found a burning altar of Makhleb.
  2392 | D:3      | Noticed Ijyb
  2394 | D:3      | Paralysed by Ijyb for 5 turns
  2401 | D:3      | Paralysed by Ijyb for 5 turns
  2408 | D:3      | Killed Ijyb
  2578 | D:3      | Found a snail-covered altar of Cheibriados.
  2624 | D:3      | Became a worshipper of Cheibriados the Contemplative
  2672 | D:3      | Noticed Robin
  2694 | D:3      | Killed Robin
  2749 | D:3      | Reached skill level 1 in Invocations
  2813 | D:3      | Reached * piety under Cheibriados
  2844 | D:3      | Found a hide-covered altar of Uskayaw.
  3112 | D:4      | Reached XP level 7. HP: 59/62 MP: 7/9
  3229 | D:4      | Reached skill level 5 in Invocations
  3238 | D:4      | Reached ** piety under Cheibriados
  3739 | D:4      | Found a runed translucent door.
  3742 | D:4      | Noticed porpoise's ghost (amateur DECj)
  4080 | D:5      | Entered Level 5 of the Dungeon
  4160 | D:5      | Reached XP level 8. HP: 46/69 MP: 12/12
  4929 | D:5      | Reached *** piety under Cheibriados
  5563 | D:6      | Gained mutation: Your flesh is heat resistant. (rF+)
                  | [potion of mutation]
  5563 | D:6      | Gained mutation: You occasionally shout uncontrollably at
                  | your foes. [potion of mutation]
  5563 | D:6      | Gained mutation: You have a pair of small horns on your
                  | head. [potion of mutation]
  5888 | D:6      | Found an ancient bone altar of Kikubaaqudgha.
  5911 | D:6      | Reached skill level 7 in Axes
  6296 | D:6      | Reached XP level 9. HP: 73/75 MP: 15/15
  6448 | D:6      | Reached skill level 8 in Axes
  6717 | D:7      | Noticed a kobold demonologist
  6723 | D:7      | Gained mutation: Your spells are a little easier to cast,
                  | but a little less powerful. [a neqoxec]
  6724 | D:7      | Gained mutation: You are occasionally teleported next to
                  | monsters. [a neqoxec]
  6725 | D:7      | Killed a kobold demonologist
  6726 | D:7      | Reached skill level 9 in Axes
  6730 | D:6      | Lost mutation: Your flesh is heat resistant. (rF+) [potion
                  | of mutation]
  6730 | D:6      | Lost mutation: You are occasionally teleported next to
                  | monsters. [potion of mutation]
  6730 | D:6      | Gained mutation: You tend to lose your temper in combat.
                  | [potion of mutation]
  6730 | D:6      | Gained mutation: You are partially covered in iridescent
                  | scales. (AC +2) [potion of mutation]
  6730 | D:6      | Gained mutation: You sometimes lose the ability to read
                  | scrolls when taking damage. [potion of mutation]
  6731 | D:6      | Lost mutation: You tend to lose your temper in combat.
                  | [potion of mutation]
  6731 | D:6      | Lost mutation: You have a pair of small horns on your head.
                  | [potion of mutation]
  6731 | D:6      | Gained mutation: You are strong-willed. (Will+) [potion of
                  | mutation]
  6731 | D:6      | Lost mutation: Your spells are a little easier to cast, but
                  | a little less powerful. [potion of mutation]
  6731 | D:6      | Gained mutation: You have a pair of small horns on your
                  | head. [potion of mutation]
  6738 | D:6      | Lost mutation: You are partially covered in iridescent
                  | scales. (AC +2) [potion of mutation]
  6738 | D:6      | Lost mutation: You have a pair of small horns on your head.
                  | [potion of mutation]
  6738 | D:6      | Gained mutation: You have a pair of small horns on your
                  | head. [potion of mutation]
  6738 | D:6      | Gained mutation: You are frail. (-10% HP) [potion of
                  | mutation]
  6738 | D:6      | Gained mutation: You are resistant to electric shocks.
                  | (rElec) [potion of mutation]
  6900 | D:7      | Found a basalt altar of Yredelemnul.
  7120 | D:1      | Bought a glowing chain mail for 187 gold pieces
  7182 | D:1      | Bought 2 potions of curing for 66 gold pieces
  7235 | D:2      | Bought a scroll of enchant weapon for 75 gold pieces
  7467 | D:7      | Found a staircase to the Ecumenical Temple.
  7496 | D:7      | Reached skill level 10 in Axes
  7567 | D:7      | Noticed a troll
  7575 | D:7      | Killed a troll
  7880 | D:8      | Reached skill level 11 in Axes
  7883 | D:8      | Reached XP level 10. HP: 59/75 MP: 16/16
  7898 | D:8      | Found a staircase to the Lair.
  8049 | D:8      | Identified the +10 trident of Fochulum {drain, rF+ Int+3
                  | Dex+6}
  8053 | D:8      | Reached **** piety under Cheibriados
  8216 | D:8      | Reached skill level 12 in Axes
  8389 | D:8      | Noticed a two-headed ogre
  8401 | D:8      | Killed a two-headed ogre
  8583 | D:8      | Reached skill level 13 in Axes
  8865 | D:9      | Found a bloodstained altar of Trog.
  8912 | D:9      | Identified the +0 robe of Ocin {rPois rF+++}
  8967 | D:9      | Reached ***** piety under Cheibriados
  9025 | D:9      | Found a transporter.
  9103 | D:9      | Noticed lunkers's ghost (novice DjCA)
  9160 | D:9      | Reached XP level 11. HP: 81/81 MP: 17/17
  9221 | D:9      | Noticed a manticore
  9523 | D:9      | Found a transporter.
  9587 | Lair:1   | Entered Level 1 of the Lair of Beasts
  9735 | Lair:1   | Reached skill level 14 in Axes
  9788 | Lair:1   | Reached skill level 5 in Armour
  9799 | Lair:1   | Noticed a four-headed hydra
  9804 | Lair:1   | Killed a four-headed hydra
  9812 | Lair:1   | Noticed an eight-headed hydra
  9821 | Lair:1   | Killed an eight-headed hydra
  9957 | Lair:1   | You fall into a shaft and drop 1 floor!
 10486 | Lair:2   | Noticed a six-headed hydra
 10495 | Lair:2   | Killed a six-headed hydra
 10499 | Lair:2   | Slain by a tyrant leech

Illustrated notes

Levels and vault maps discovered:
D:1:      minmay_arrival_checkered_box, layout_basic, serial_shops, shop_statue,
          nicolae_shop_window_shopping
D:2:      layout_basic, serial_shops, shop,
          shapermc_ecumenical_altar_mp_vishouse, basic_altar
D:3:      layout_rooms, old_standard_altar, mainiacjoe_overflow_surrounded_room,
          mainiacjoe_overflow_six_doors_small, uniq_grinder, uniq_robin,
          uniq_ijyb
D:4:      layout_cave_pools, ebering_ghost_reflecting_pool, minmay_circle_x
D:5:      kennysheep_steamy, layout_loops_corners
D:6:      layout_basic, nicolae_overflow_crystal_walls
D:7:      layout_cave_pools, amcnicky_altar_gilded, minmay_temple_entry_junction
D:8:      layout_loops_corners, grunt_lair_entry_orc_guard_hut,
          patterned_corridor
D:9:      layout_cave_pods, mainiacjoe_overflow_paths, nzn_ghost_randoct
Lair:1:   layout_hall_layers, grunt_megastairs_2
Lair:2:   layout_cave_pods, minmay_swamp_entry_worms, gammafunk_lair_bear_cave,
          grunt_megastairs_3

Skill      XL: |  1  2  3  4  5  6  7  8  9 10 11 |
---------------+----------------------------------+-----
Axes           | 3 6 7 11 13 14 | 14.9
Invocations    | 3 6 8 |  8.9
Armour         | 4 7 |  7.1
Fighting       | |  3.5
Shields        | |  2.4

Action                   |  1- 3 |  4- 6 |  7- 9 | 10-12 || total
-------------------------+-------+-------+-------+-------++-------
Melee: War axe           |   128 |    69 |   290 |    45 ||   532
       Mace              |       |     8 |       |       ||     8
       Headbutt          |       |       |    42 |    83 ||   125
       Trident           |       |       |       |   224 ||   224
Throw: Dart              |       |       |     3 |     6 ||     9
Invok: Bend Time         |       |       |     7 |     5 ||    12
       Slouch            |       |       |       |     2 ||     2
 Abil: Spit Poison       |     5 |     6 |    11 |     2 ||    24
Evoke: Wand              |       |     1 |     1 |     4 ||     6
  Use: Potion            |     2 |       |     5 |     2 ||     9
       Scroll            |     2 |       |     4 |     1 ||     7
 Stab: Paralysed         |       |     3 |       |       ||     3
Armor: Scale mail        |    57 |    45 |   156 |       ||   258
       Skin              |    10 |       |       |       ||    10
       Chain mail        |       |       |    45 |   134 ||   179
Dodge: Dodged            |    51 |    26 |   113 |    58 ||   248
Block: Buckler           |    32 |    11 |   102 |    70 ||   215

Table legend: (Time is in decaauts)
 A = Elapsed time spent in this place.
 B = Non-inter-level travel time spent in this place.
 C = Inter-level travel time spent in this place.
 D = Time resting spent in this place.
 E = Time spent auto-exploring this place.
 F = Levels seen in this place.
 G = Mean time per level.
                   A        B        C        D        E       F      G
               +--------+--------+--------+--------+--------+-----+--------+
         Total |  17310 |  15767 |   1543 |   1748 |  11679 |  11 | 1573.6 |
       Dungeon |  15546 |  14174 |   1372 |   1748 |  10288 |   9 | 1727.3 |
          Lair |   1763 |   1593 |    170 |      0 |   1391 |   2 |  881.5 |
               +--------+--------+--------+--------+--------+-----+--------+

Top non-repeatable levels by time:
     D:5: 2316 daAuts
     D:8: 2134 daAuts
     D:1: 1945 daAuts
     D:6: 1921 daAuts
     D:9: 1801 daAuts
     D:4: 1607 daAuts
  Lair:1: 1429 daAuts
     D:3: 1421 daAuts
     D:7: 1220 daAuts
     D:2: 1178 daAuts
  Lair:2: 333 daAuts
